 Dungeon Crawl Stone Soup version 0.30.1-9-gdf580d7c3d (webtiles) character file.

Game seed: 7676403800480567882

3224 CrazyMind the Destroyer (level 9, -5/48 HPs)
             Began as a Tengu Conjurer on Oct 13, 2023.
             Was an Initiate of Gozag.
             Slain by an orc warrior
             ... wielding a +0 flail
              (10 damage)
             ... on level 8 of the Dungeon on Oct 14, 2023.
             The game lasted 00:39:08 (9207 turns).

CrazyMind the Destroyer (Tengu Conjurer)            Turns: 9207, Time: 00:39:09

Health: -5/48      AC:  3    Str:  8    XL:     9   Next: 98%
Magic:  4/22       EV: 16    Int: 33    God:    Gozag
Gold:   600        SH:  0    Dex: 15    Spells: 10/24 levels left

rFire   . . .        v - +3 dagger
rCold   . . .        (no shield)
rNeg    . . .        a - +0 robe
rPois   .            (helmet restricted)
rElec   .            (no cloak)
rCorr   .            B - +0 pair of gloves
SInv    +            (boots unavailable)
Will    .....        (no amulet)
Stlth   ++++         f - +6 ring of intelligence
HPRegen 0.28/turn    J - ring "Xongel" {Int+5 Dex+2 SInv Stlth+}
MPRegen 0.18/turn

%: no passive effects
@: about to teleport, gold aura, flying quickly and evasively, quick
A: beak, talons 3, nimble flight
a: Renounce Religion, Potion Petition, Call Merchant, Bribe Branch


You were on level 8 of the Dungeon.
You worshipped Gozag.
Gozag was pleased with you.
You visited 2 branches of the dungeon, and saw 9 of its levels.

You collected 1077 gold pieces.
You spent 434 gold pieces at shops.
You paid 43 gold pieces to Gozag.

Inventory:

Hand Weapons
 v - a +3 dagger (weapon)
Missiles
 e - 3 boomerangs
 j - 3 curare-tipped darts (quivered)
 t - 18 poisoned darts
Armour
 a - a +0 robe (worn)
 m - a +0 kite shield
 B - a +0 pair of gloves (worn)
 H - a +0 leather armour
Magical Staves
 u - a staff of earth
 E - a staff of air
Jewellery
 f - a +6 ring of intelligence (left hand)
 h - a ring of protection from cold
 i - a ring of protection from fire
 k - a ring of fire
 J - the ring "Xongel" (right hand) {Int+5 Dex+2 SInv Stlth+}
   (You bought it in a shop on level 5 of the Dungeon)

   [ring of see invisible]

   Int:       It affects your intelligence (+5).
   Dex:       It affects your dexterity (+2).
   SInv:      It lets you see invisible.
   Stlth:     It makes you more stealthy.
 M - a ring of wizardry
Wands
 q - a wand of paralysis (5)
 x - a wand of mindburst (17)
 F - a wand of light (8)
 N - a wand of roots (7)
Scrolls
 d - 4 scrolls of teleportation
 l - 2 scrolls of enchant armour {unknown}
 n - a scroll of vulnerability {unknown}
 r - 6 scrolls of silence
 s - a scroll of blinking {unknown}
 y - 3 scrolls of amnesia
 A - a scroll of fear {unknown}
 L - a scroll of immolation {unknown}
Potions
 b - a potion of magic
 c - a potion of might {unknown}
 g - a potion of mutation
 o - 2 potions of cancellation
 p - 5 potions of curing {unknown}
 w - a potion of flight {unknown}
 z - a potion of berserk rage {unknown}
 C - 2 potions of haste
 D - a potion of invisibility {unknown}
 G - a potion of brilliance {unknown}
 I - a potion of resistance {unknown}
 K - 2 potions of attraction {unknown}


   Skills:
 + Level 2.0 Fighting
 + Level 4.5 Dodging
 + Level 6.8 Stealth
 * Level 8.2 Spellcasting
 * Level 11.1 Conjurations
 + Level 0.5 Hexes


You had 10 spell levels left.
You knew the following spells:

 Your Spells              Type           Power      Damage    Failure   Level
a - Magic Dart            Conj           100%       1d8       1%          1
b - Searing Ray           Conj           100%       2d8       1%          2
c - Dazzling Flash        Conj/Hex       100%       N/A       1%          3
d - Iskenderun's Mystic   Conj/Tloc      50%        2d11      3%          4
e - Fulminant Prism       Conj/Hex       25%        3d13      3%          4

Your spell library contained the following spells:

 Spells                   Type           Power      Damage    Failure   Level
 Hailstorm                Conj/Ice       50%        3d11      1%          3
 Stone Arrow              Conj/Erth      100%       3d13      1%          3
 Freeze                   Ice            52%        1d6       3%          1
 Sublimation of Blood     Necr           13%        N/A       5%          2
 Wereblood                Tmut           13%        N/A       5%          2
 Frozen Ramparts          Ice            26%        1d4       11%         3
 Animate Armour           Summ/Erth      26%        N/A       34%         4
 Summon Hydra             Summ           6%         N/A       100%        7
 Lehudib's Crystal Spear  Conj/Erth      25%        10d7      100%        8


Dungeon Overview and Level Annotations

Branches:
Dungeon (8/15) Zot: 25812  Temple (1/1) D:4 Zot: 5934
   Lair: D:8-11

Altars:
Ashenzari
Cheibriados
Dithmenos
Elyvilon
Fedhas
Gozag
Hepliaklqana
Kikubaaqudgha
Makhleb
Okawaru
Qazlal
Ru
Sif Muna
Trog
Uskayaw
Wu Jian
Xom
Yredelemnul
Zin
The Shining One

Shops:
D:5 =

Annotations:
D:4 2 transporters, Madon's ghost, amateur FoFi
D:7 Joseph


Innate Abilities, Weirdness & Mutations

You have a beak for a mouth.
You have claws for feet.
Your magical nature lets you fly swiftly and evasively.


Message History

Look: an orc warrior, wielding a +0 flail and wearing a +0 chain mail (severely wounded, chance to dazzle: 79%)
The wight is no longer distracted by gold.
The orc warrior closely misses you.
Unknown command.
Casting: Dazzling Flash (safe; 1% risk of failure)
Confirm with . or Enter, or press ? or * to list all spells.
Casting: Dazzling Flash (safe; 1% risk of failure)
Press: ? - help, Dir - look around, f - activate The orc warrior is dazzled. x2
The wight is distracted by your dazzling golden aura.
A wight comes into view. It is wielding a +0 hand crossbow.
The orc warrior closely misses you.
As you read the scroll of teleportation, it crumbles to dust.
You feel strangely unstable. The orc warrior barely misses you.
The wight shoots a bolt.
The bolt hits you!
Casting: Dazzling Flash (safe; 1% risk of failure)
Confirm with . or Enter, or press ? or * to list all spells.
Aiming: Searing Ray (safe; 1% risk of failure)
Press: ? - help, Shift-Dir - straight line, f - orc warrior
Aim: an orc warrior, wielding a +0 dire flail and wearing a +0 chain mail (moderately wounded, blind, 81% to hit)
The searing ray hits the orc warrior.
The orc warrior is severely wounded.
The searing ray hits the orc warrior!
The orc warrior is severely wounded. (Press . to maintain the ray.)
The wight is distracted by your dazzling golden aura.
The orc warrior misses you.
The wight shoots a bolt.
The bolt closely misses you.
You hear an angry hiss.
The searing ray hits the orc warrior.
The orc warrior is almost dead.
The searing ray hits the orc warrior.
The orc warrior is almost dead.
The orc warrior is no longer blind.
The wight is no longer distracted by gold. x2
The wight shoots a bolt.
The bolt hits you!
* * * LOW HITPOINT WARNING * * *
The orc warrior hits you with a +0 flail!
You die...
Your body crumbles into a pile of gold.

#... ####
########
#
#.?....#
#
#......#
#
#......#
#
#......##
#
#.....z..
# #@# ...
# #o##.#
$ # #o$.#
# ##..# $
# #..# #
##.#z# #
#..#z# #
#..# . #.
# #..##..
###.. .


You could see 2 orc warriors and 3 wights.

Vanquished Creatures
  A hornet (D:8)
  Prince Ribbit (D:8)
  A water moccasin (D:6)
  An ice beast (D:8)
  2 black bears (D:6)
  2 ogres
  3 centaurs
  3 kobold brigands
  3 bullfrogs
  2 scorpions
  6 wights
  15 killer bees
  A hound (D:7)
  A jelly (D:5)
  3 orc priests
  4 iguanas
  3 orc wizards
  7 adders
  3 gnolls (D:7)
  4 white imps
  4 ufetubi
  3 worms
  3 dart slugs
  15 orcs
  7 ball pythons
  5 bats
  9 endoplasms
  4 giant cockroaches
  8 goblins
  6 hobgoblins
  4 jackals (D:3)
  21 kobolds
  5 quokkas
  4 frilled lizards
  4 rats
168 creatures vanquished.

Vanquished Creatures (others)
  4 fulminant prisms (D:7)
4 creatures vanquished.

Grand Total: 172 creatures vanquished

Notes
Turn   | Place    | Note
-------+----------+-------------------------------------------
     0 | D:1      | CrazyMind the Tengu Conjurer began the quest for the Orb.
     0 | D:1      | Reached XP level 1. HP: 10/10 MP: 4/4
   196 | D:1      | Reached XP level 2. HP: 15/15 MP: 4/6
   200 | D:1      | Learned a level 2 spell: Searing Ray
   562 | D:1      | You fall into a shaft and drop 1 floor!
   565 | D:2      | Found a faded altar of an unknown god.
   570 | D:2      | Reached skill level 6 in Conjurations
   570 | D:2      | Reached XP level 3. HP: 19/19 MP: 2/7
   576 | D:2      | Learned a level 3 spell: Dazzling Flash
  1255 | D:2      | Reached XP level 4. HP: 24/24 MP: 5/9
  1845 | D:3      | Found a basalt altar of Yredelemnul.
  2750 | D:3      | Gained mutation: Your magical nature lets you fly swiftly
                  | and evasively. [Tengu growth]
  2750 | D:3      | Reached XP level 5. HP: 27/28 MP: 7/10
  2788 | D:3      | Learned a level 4 spell: Iskenderun's Mystic Blast
  3088 | D:4      | Found a transporter.
  3088 | D:4      | Noticed Madon's ghost (amateur FoFi)
  3091 | D:4      | Noticed a black bear
  3155 | D:4      | Reached skill level 7 in Conjurations
  3254 | D:4      | Noticed an ogre
  3386 | D:4      | Found a staircase to the Ecumenical Temple.
  3398 | Temple   | Entered the Ecumenical Temple
  3462 | Temple   | Became a worshipper of Gozag Ym Sagoz the Greedy
  3753 | D:4      | Found a transporter.
  4055 | D:5      | Entered Level 5 of the Dungeon
  4066 | D:4      | Reached XP level 6. HP: 28/32 MP: 1/12
  4154 | D:5      | Found a glowing silver altar of Zin.
  4244 | D:5      | Found Epena's Jewellery Boutique.
  5048 | D:6      | Noticed a black bear
  5083 | D:6      | Reached XP level 7. HP: 28/37 MP: 9/14
  5173 | D:6      | Reached skill level 8 in Conjurations
  5478 | D:4      | Reached skill level 5 in Spellcasting
  5726 | D:6      | Reached skill level 1 in Fighting
  5726 | D:6      | Reached XP level 8. HP: 37/43 MP: 8/16
  5787 | D:6      | Reached skill level 5 in Stealth
  5787 | D:6      | Reached skill level 9 in Conjurations
  6070 | D:6      | Learned a level 4 spell: Fulminant Prism
  6349 | D:5      | Bought the ring "Xongel" {Int+5 Dex+2 SInv Stlth+} for 434
                  | gold pieces
  6385 | D:7      | Found a white marble altar of Elyvilon.
  7182 | D:7      | Reached skill level 10 in Conjurations
  7182 | D:7      | Reached XP level 9. HP: 47/47 MP: 15/19
  7779 | D:7      | Noticed Joseph
  8068 | D:8      | Noticed a hornet
  8424 | D:8      | Noticed Prince Ribbit
  8436 | D:8      | Killed Prince Ribbit
  8631 | D:8      | Killed a hornet
  8806 | D:8      | Found a bloodstained altar of Trog.
  9082 | D:8      | Reached skill level 11 in Conjurations
  9207 | D:8      | Slain by an orc warrior

Illustrated notes

Levels and vault maps discovered:
D:1:      amcnicky_arrival_choice, layout_basic
D:2:      layout_basic, hellmonk_ecumenical_altar_arch_garden,
          minmay_indecisive_spiral
D:3:      layout_loops_ring, mainiacjoe_overflow_alcove_1
D:4:      layout_loops_ring, minmay_temple_entry_trees, gammafunk_ghost_arena,
          hangedman_decor_slide_cut
D:5:      layout_rooms, nicolae_overflow_crystal_walls, serial_shops,
          nicolae_shop_statue_plus
D:6:      layout_basic
D:7:      layout_loops_corners, amcnicky_altar_gilded, uniq_joseph
D:8:      layout_basic, mainiacjoe_overflow_cross_hatched,
          minmay_alternating_orb, uniq_prince_ribbit1
Temple:   nicolae_temple_x_marks_the_god

Skill      XL: |  1  2  3  4  5  6  7  8  9 |
---------------+----------------------------+-----
Conjurations   | 6 7 8 10 11 | 11.1
Spellcasting   | 3 4 5 6 8 |  8.2
Stealth        | 3 4 6 |  6.8
Dodging        | 3 4 |  4.5
Fighting       | 1 2 |  2.0
Hexes          | |  0.5

Action                     |  1- 3 |  4- 6 |  7- 9 || total
---------------------------+-------+-------+-------++-------
  Melee: Unarmed           |     3 |       |       ||     3
         Kick              |     1 |     1 |     4 ||     6
         Hand axe          |     2 |       |       ||     2
         Dagger            |     1 |    12 |    14 ||    27
         Peck              |       |       |     2 ||     2
   Cast: Magic Dart        |    39 |    20 |    22 ||    81
         Searing Ray       |     6 |    39 |    60 ||   105
         Fulminant Prism   |       |       |     4 ||     4
         Dazzling Flash    |       |       |     6 ||     6
    Use: Scroll            |     4 |     6 |     1 ||    11
         Potion            |       |       |     2 ||     2
   Stab: Sleeping          |       |    10 |     9 ||    19
         Distracted        |       |       |     1 ||     1
 Armour: Robe              |     1 |     4 |    17 ||    22
  Dodge: Dodged            |     3 |    35 |   116 ||   154
